 Dungeon Crawl Stone Soup version 0.25.0-11-g1f837a76a1 (webtiles) character file.

Game seed: 18433607192472967984

28 Vasilisck the Firebug (level 2, -4/20 HPs)
             Began as a Demigod Fire Elementalist on June 25, 2020.
             Slain by Sigmund
             ... wielding a +0 scythe
              (14 damage)
             ... on level 2 of the Dungeon.
             The game lasted 00:06:49 (840 turns).

Vasilisck the Firebug (Demigod Fire Elementalist)    Turns: 840, Time: 00:06:49

Health: -4/20      AC:  3    Str: 11    XL:     2   Next: 78%
Magic:  5/7        EV: 13    Int: 19    God:
Gold:   31         SH:  0    Dex: 16    Spells: 4/5 levels left

rFire    . . .     SeeInvis .   f - +1 short sword (freeze)
rCold    . . .     Gourm    .   (no shield)
rNeg     . . .     Faith    .   a - +0 robe
rPois    .         Spirit   .   d - +0 helmet
rElec    .         Reflect  .   (no cloak)
rCorr    .         Harm     .   (no gloves)
MR       .....                  (no boots)
Stlth    ++........             l - amulet of magic regeneration
HPRegen  0.06/turn              (no ring)
MPRegen  0.35/turn              (no ring)

@: flying
A: high mp 1
a: no special abilities


You were on level 2 of the Dungeon.
You were not hungry.

You visited 1 branch of the dungeon, and saw 2 of its levels.

You collected 31 gold pieces.

Inventory:

Hand Weapons
 f - a +1 short sword of freezing (weapon)
Armour
 a - a +0 robe (worn)
 b - a +0 cloak
 d - a +0 helmet (worn)
Jewellery
 l - an amulet of magic regeneration (around neck)
Potions
 g - a potion of lignification
Comestibles
 c - 4 rations


   Skills:
 + Level 2.0 Dodging
 + Level 1.9 Stealth
 + Level 2.2 Spellcasting
 + Level 1.1 Conjurations
 + Level 3.1 Fire Magic


You had 4 spell levels left.
You knew the following spells:

 Your Spells              Type           Power        Failure   Level  Hunger
a - Foxfire               Conj/Fire      ##..         7%          1    #......

Your spell library contained the following spells:

 Spells                   Type           Power        Failure   Level  Hunger
 Conjure Flame            Conj/Fire      ##......     21%         3    ###....
 Inner Flame              Hex/Fire       #.......     26%         3    ###....
 Sticky Flame             Conj/Fire      ##......     56%         4    #####..
 Fireball                 Conj/Fire      ##........   88%         5    ######.


Dungeon Overview and Level Annotations

Branches:
Dungeon (2/15)

Annotations:
D:2 Sigmund


Innate Abilities, Weirdness & Mutations

You have an increased reservoir of magic. (+10% MP)


Message History

Confirm with . or Enter, or press ? or * to list all spells.
You conjure some foxfire!
The kobold misses you. Something hits you!
The foxfire hits something.
The foxfire hits the kobold.
The kobold is severely wounded.
Casting: Foxfire (safe; 7% risk of failure)
Confirm with . or Enter, or press ? or * to list all spells.
You conjure some foxfire!
The kobold hits you with a +0 dagger.
Your foxfire dissipates!
The foxfire hits something.
Casting: Foxfire (safe; 7% risk of failure)
Confirm with . or Enter, or press ? or * to list all spells.
You conjure some foxfire!
The kobold barely misses you. Something barely misses you.
Your foxfire dissipates!
The foxfire hits something.
You hit the kobold. You freeze the kobold.
You kill the kobold!
Something hits you!
Ouch! That really hurt!
You die...

. .... #.##.##..#
...........#.##....##
#............####..#
###...........## #..#
.>...........# #..#
#...........# #..#
#.........^# ##.#
#..........#######.#
####....†..(%.)@...##.#
#........)....###### .#
.......######## .......
....... #######


There were no monsters in sight!

Vanquished Creatures
  A leopard gecko (D:1)
  3 giant cockroaches
  2 hobgoblins (D:1)
  5 kobolds
  A quokka (D:2)
  3 bats (D:1)
  A frilled lizard (D:2)
  5 goblins
  4 rats
25 creatures vanquished.

Vanquished Creatures (collateral kills)
  A frilled lizard (D:2)
1 creature vanquished.

Vanquished Creatures (others)
  57 foxfires
57 creatures vanquished.

Grand Total: 83 creatures vanquished

Notes
Turn   | Place    | Note
-------+----------+-------------------------------------------
     0 | D:1      | Vasilisck the Demigod Fire Elementalist began the quest for
                  | the Orb.
     0 | D:1      | Reached XP level 1. HP: 14/14 MP: 5/5
   239 | D:1      | Reached skill level 1 in Conjurations
   239 | D:1      | Reached skill level 3 in Fire Magic
   339 | D:1      | Reached XP level 2. HP: 20/20 MP: 4/7
   823 | D:2      | Noticed Sigmund
   840 | D:2      | Slain by Sigmund

Illustrated notes

Levels and vault maps discovered:
D:1:      dpeg_arrival_tiny_e, layout_basic
D:2:      layout_rooms, uniq_sigmund, uniq_natasha

Skill      XL: |  1  2 |
---------------+-------+-----
Conjurations   | 1 |  1.1
Fire Magic     | 3 |  3.1
Spellcasting   | 2 |  2.2
Dodging        | 2 |  2.0
Stealth        | |  1.9

Action                   || total
-------------------------++-------
Melee: Short sword       ||     2
 Cast: Foxfire           ||    40
  Use: Scroll            ||     4
       Potion            ||     2
Armor: Robe              ||     2
Dodge: Dodged            ||    21
